 Dungeon Crawl Stone Soup version 0.18.1-5-g4a78601 (webtiles) character file.

105 barb4r1an the Charmwright (level 4, 0/30 HPs)
             Began as a High Elf Skald on May 13, 2016.
             Slain by an iron imp (4 damage)
             ... summoned by Natasha
             ... on level 2 of the Dungeon.
             The game lasted 00:03:00 (1747 turns).

barb4r1an the Charmwright (High Elf Skald)          Turns: 1747, Time: 00:03:00

Health: 0/30       AC:  5    Str: 12    XL:     4   Next: 54%
Magic:  4/9        EV: 11    Int: 15    God:
Gold:   97         SH:  0    Dex: 15    Spells: 3 memorised, 3 levels left

rFire  . . .     SeeInvis .     a - +0 falchion
rCold  . . .     Gourm    .     e - +0 ring mail (curse)
rNeg   . . .     Faith    .     (no shield)
rPois  .         Spirit   .     (no helmet)
rElec  .         Dismiss  .     (no cloak)
rCorr  .         Reflect  .     (no gloves)
SustAt .         Harm     .     (no boots)
MR     .....                    (no amulet)
Stlth  +.........               (no ring)
                                (no ring)

@: infused (expiring), slowed, very slow, not resistant to hostile enchantments,
very unstealthy
A: no striking features
a: no special abilities


You were on level 2 of the Dungeon.
You were not hungry.

You visited 1 branch of the dungeon, and saw 2 of its levels.

You collected 97 gold pieces.

Inventory:

Hand Weapons
 a - a +0 falchion (weapon)
Armour
 b - a +0 leather armour
 e - a cursed +0 ring mail (worn)
Scrolls
 g - a scroll of enchant weapon {unknown}
 i - 2 scrolls of identify
 k - a scroll of remove curse {unknown}
Potions
 h - a potion of haste {unknown}
 j - a potion of heal wounds
 l - a potion of lignification {unknown}
Books
 c - a book of Battle

   Spells                             Type                      Level
   a - Infusion                       Charms                       1
   b - Shroud of Golubria             Charms/Translocation         2
   c - Song of Slaying                Charms                       2
   d - Spectral Weapon                Hexes/Charms                 3
   e - Regeneration                   Charms/Necromancy            3
Comestibles
 d - 2 bread rations
 f - 5 fruits


   Skills:
 + Level 2.7 Fighting
 + Level 3.2 Long Blades
 - Level 0.8 Armour
 + Level 2.5 Dodging
 * Level 3.2 Spellcasting
 + Level 4.3 Charms


You had 3 spell levels left.
You knew the following spells:

 Your Spells              Type           Power        Failure   Level  Hunger
a - Infusion              Chrm           ###.         10%         1    #......
b - Song of Slaying       Chrm           ###.....     12%         2    ##.....
c - Regeneration          Chrm/Necr      #.........   69%         3    ###....


Dungeon Overview and Level Annotations

Branches:
Dungeon (2/15)

Altars:
Cheibriados

Annotations:
D:2 2 exclusions, Natasha, Sigmund


Message History

Your magical contamination has completely faded away.
Found a scroll labeled UHOANEOSUI.
You miss Natasha. Natasha claws you. The iron imp misses you.
Natasha claws you but does no damage.
You closely miss Natasha. Natasha misses you.
The iron imp hits you but does no damage. x2
Natasha claws you.
You closely miss Natasha.
Your magical infusion is running out.
Natasha claws you. The iron imp misses you.
Your ring mail prevents you from hitting Natasha.
Natasha stares at you and mumbles some strange words.
The magic dart hits you! The iron imp hits you!
* * * LOW HITPOINT WARNING * * *
Natasha casts a spell at you. The magic dart hits you!
You hit Natasha.
Natasha is moderately wounded.
The iron imp hits you.
You die...

#.......##.#
####..........##?#
...........#####.#
#####......# #.#
##...#.# #.# ##......#
#.# #....†..# #.#
#.......# #.# #
#.#.(.#.#####@##....
###>...)......÷5h.....#
#...........###.##.##.#
##.#.......#.###... ..
...............####.##.#
##.#.......#.#.# # #
#.##..........# #
#....###...# #.####
#...#


You could see an iron imp and Natasha.

Vanquished Creatures
  Natasha (twice) (D:2)
  2 adders (D:2)
  4 dart slugs
  A giant gecko (D:1)
  2 giant cockroaches (D:1)
  5 goblins
  3 hobgoblins (D:1)
  A ball python (D:2)
  4 bats (D:1)
  A giant newt (D:1)
  4 kobolds (D:1)
  A rat (D:2)
30 creatures vanquished.

Notes
Turn   | Place    | Note
--------------------------------------------------------------
     0 | D:1      | barb4r1an the High Elf Skald began the quest for the Orb.
     0 | D:1      | Reached XP level 1. HP: 14/14 MP: 4/4
   296 | D:1      | Reached XP level 2. HP: 16/19 MP: 6/6
   300 | D:1      | Learned a level 2 spell: Song of Slaying
   699 | D:1      | Reached skill level 4 in Charms
  1005 | D:2      | Found a snail-covered altar of Cheibriados.
  1009 | D:2      | Reached XP level 3. HP: 18/25 MP: 5/8
  1284 | D:1      | Learned a level 3 spell: Regeneration
  1302 | D:2      | Noticed Natasha
  1414 | D:2      | Killed Natasha
  1414 | D:2      | Reached XP level 4. HP: 8/30 MP: 4/9
  1426 | D:2      | Noticed Sigmund
  1727 | D:2      | Noticed Natasha
  1733 | D:2      | Killed Natasha
  1738 | D:2      | Noticed Natasha
  1747 | D:2      | Slain by an iron imp

Skill      XL: |  1  2  3 |
---------------+----------+-----
Charms         | 4 |  4.3
Dodging        | 2 |  2.5
Long Blades    | 3 |  3.2
Spellcasting   | 3 |  3.2
Fighting       | |  2.7
Armour         | |  0.8

Action                   |  1- 3 |  4- 6 || total
-------------------------+-------+-------++-------
Melee: Falchion          |    92 |    31 ||   123
 Cast: Infusion          |     2 |     1 ||     3
  Use: Scroll            |     1 |       ||     1
       Potion            |       |     1 ||     1
  Eat: Chunk             |     2 |     1 ||     3
Armor: Ring mail         |    43 |    14 ||    57
Dodge: Dodged            |    60 |    16 ||    76
